 Dungeon Crawl Stone Soup version 0.29.0-4-gdea44cf6ec (webtiles) character file.

Game seed: 8021768953714201083

1159 qw the Grappler (level 8, -3/75 HPs)
             Began as a Troll Cinder Acolyte on Sept 2, 2022.
             Was an Elder of Ignis.
             Slain by a vampire mosquito (6 damage)
             ... on level 7 of the Dungeon.
             The game lasted 00:02:51 (5468 turns).

qw the Grappler (Troll Cinder Acolyte)              Turns: 5468, Time: 00:02:52

Health: -3/75      AC: 13    Str: 25    XL:     8   Next: 16%
Magic:  8/8        EV:  9    Int: 10    God:    Ignis [****..]
Gold:   309        SH:  0    Dex:  5    Spells: 9/9 levels left

rFire   + + .      SeeInvis +     - Unarmed
rCold   + . .      Faith    .   (no shield)
rNeg    + . .      Spirit   .   a - +0 robe
rPois   .          Reflect  .   (helmet restricted)
rElec   .          Harm     .   p - +1 cloak "Jezy" {rF+ rN+}
rCorr   .          Rampage  .   (gloves unavailable)
Will    .....                   (boots unavailable)
Stlth   +.........              (no amulet)
HPRegen 1.02/turn               h - ring of protection from cold
MPRegen 0.11/turn               b - ring of see invisible

@: about to teleport, fiery-armoured
A: large, unfitting armour, claws 3, regeneration 1, shaggy fur 1, tough skin 1
a: Renounce Religion, Fiery Armour, Foxfire Swarm, Rising Flame


You were on level 7 of the Dungeon.
You worshipped Ignis.
Ignis was greatly pleased with you.
You visited 1 branch of the dungeon, and saw 7 of its levels.

You collected 389 gold pieces.
You spent 80 gold pieces at shops.


Innate Abilities, Weirdness & Mutations

You are too large for most types of armour.
You have claws for hands.
Your natural rate of healing is unusually fast.
You are covered in fur. (AC +1)
You have tough skin. (AC +1)


   Skills:
 - Level 3.0 Fighting
 - Level 3.6 Throwing
 + Level 0.0 Dodging
 - Level 9.0 Unarmed Combat
 - Level 1.0 Spellcasting
 - Level 2.1 Fire Magic


You had 9 spell levels left.
You didn't know any spells.
Your spell library contained the following spells:

 Spells                   Type           Power      Damage    Failure   Level
 Scorch                   Fire           8%         2d5       22%         2

Inventory:

Missiles
 g - 4 large rocks (quivered)
 l - 3 boomerangs
Armour
 a - a +0 robe (worn)
 p - the +1 cloak "Jezy" (worn) {rF+ rN+}
   (You found it on level 5 of the Dungeon)

   rF:        It protects you from fire.
   rN:        It protects you from negative energy.
Jewellery
 b - a ring of see invisible (right claw)
 h - a ring of protection from cold (left claw)
 j - a ring of ice
 k - a ring of protection from cold
Scrolls
 i - 2 scrolls of identify
 n - a scroll of enchant weapon
Potions
 c - a potion of resistance
 d - a potion of mutation
 f - 2 potions of cancellation

Dungeon Overview and Level Annotations

Branches:
Dungeon (7/15)             Temple (0/1) D:4

Altars:
Hepliaklqana
Kikubaaqudgha
The Shining One

Shops:
D:2 ?([

Annotations:
D:3 1 runed translucent door, Crazy Yiuf


Message History

The vampire mosquito is lightly damaged.
You miss the vampire mosquito.
The vampire mosquito is heavily damaged.
The vampire mosquito closely misses you.
The vampire mosquito barely misses you.
The vampire mosquito closely misses you.
The vampire mosquito bites you!
The vampire mosquito draws strength from your injuries!
The vampire mosquito is burned by your cloak of flames.
The vampire mosquito is heavily damaged.
The vampire mosquito closely misses you.
5467 ||| READING scroll of teleportation.
As you read the scroll of teleportation, it crumbles to dust.
You feel strangely unstable.
The vampire mosquito closely misses you.
The vampire mosquito bites you!
The vampire mosquito draws strength from your injuries!
The vampire mosquito is burned by your cloak of flames.
The vampire mosquito is moderately damaged.
The vampire mosquito closely misses you.
The vampire mosquito bites you.
The vampire mosquito is burned by your cloak of flames.
The vampire mosquito is lightly damaged.
You miss the vampire mosquito.
The vampire mosquito is heavily damaged.
The vampire mosquito bites you.
The vampire mosquito is burned by your cloak of flames.
The vampire mosquito is heavily damaged.
The vampire mosquito bites you but does no damage.
The vampire mosquito is burned by your cloak of flames.
The vampire mosquito is heavily damaged.
The vampire mosquito closely misses you.
The vampire mosquito bites you but does no damage.
The vampire mosquito is burned by your cloak of flames.
The vampire mosquito is severely damaged.
The vampire mosquito bites you but does no damage.
The vampire mosquito is burned by your cloak of flames.
The vampire mosquito is severely damaged.
The vampire mosquito bites you.
You die...

#.#
#.###...........#
#.# #.#
#..###..#...# #.#
#.###..###>......
#.#
#.#...........#
#..
#.#.###.##.##.#
###
#...##........#
###.##.#####..#
#....# ###@y#
#yy# ...# ..#..
.....## ......#
..... .# ###(..
##


You could see 3 vampire mosquitoes.

Vanquished Creatures
  A water moccasin (D:6)
  A black bear (D:5)
  A centaur (D:6)
  A kobold brigand (D:5)
  2 scorpions
  A necrophage (D:7)
  A howler monkey (D:6)
  2 hounds
  3 orc priests (D:5)
  2 iguanas (D:4)
  4 orc wizards
  11 gnolls
  5 adders
  A white imp (D:6)
  An ufetubus (D:6)
  4 dart slugs (D:1)
  21 orcs
  5 ball pythons
  6 endoplasms
  8 giant cockroaches
  12 goblins
  6 hobgoblins
  5 jackals
  10 kobolds
  4 quokkas
  6 bats
  4 rats (D:1)
128 creatures vanquished.

Notes
Turn   | Place    | Note
-------+----------+-------------------------------------------
     0 | D:1      | qw the Troll Cinder Acolyte began the quest for the Orb.
     0 | D:1      | Reached XP level 1. HP: 22/22 MP: 1/1
     0 | D:1      | 0 ||| qw: Version: 0.1-a-97-g2dd2ca4
     0 | D:1      | 0 ||| qw: Game counter: 4970
     0 | D:1      | 0 ||| qw: Always use a shield: true
     0 | D:1      | 0 ||| qw: God list: Okawaru
     0 | D:1      | 0 ||| qw: Allow faded altars: false
     0 | D:1      | 0 ||| qw: Do Orc after D:15 true
     0 | D:1      | 0 ||| qw: Do second Lair branch before Depths: true
     0 | D:1      | 0 ||| qw: Lair rune preference: random
     0 | D:1      | 0 ||| qw: Plans: Normal
     0 | D:1      | 0 ||| PLANNING D:1-11
    21 | D:1      | 21 ||| Stepping ~*~*~tactically~*~*~ (hiding).
   130 | D:1      | Reached XP level 2. HP: 22/23 MP: 2/2
   213 | D:1      | 213 ||| Stepping ~*~*~tactically~*~*~ (stealth).
   278 | D:1      | 278 ||| Stepping ~*~*~tactically~*~*~ (stealth).
   284 | D:1      | Reached skill level 4 in Unarmed Combat
   312 | D:1      | Found a faded altar of an unknown god.
   394 | D:1      | Reached XP level 3. HP: 35/36 MP: 3/3
   500 | D:1      | 500 ||| Stepping ~*~*~tactically~*~*~ (outnumbered).
   840 | D:1      | 840 ||| UPGRADING to ring of protection from cold.
   841 | D:1      | 841 ||| UPGRADING to ring of protection from cold.
   842 | D:1      | 842 ||| READING scroll labelled ZEEMUOGRETUP.
   843 | D:1      | 843 ||| READING scroll labelled LOAKUIFICY.
   844 | D:1      | 844 ||| READING scroll labelled ADAKLU XESOB.
   862 | D:1      | 862 ||| READING scroll labelled ESOHOIZEALY.
   973 | D:2      | Found Ustryrove's Antique Armour Shop.
   982 | D:2      | 982 ||| SHOPLISTING glowing robe (74 gold, have 38).
  1020 | D:2      | 1020 ||| Stepping ~*~*~tactically~*~*~ (stealth).
  1125 | D:2      | 1125 ||| Stepping ~*~*~tactically~*~*~ (hiding).
  1234 | D:2      | 1234 ||| Stepping ~*~*~tactically~*~*~ (hiding).
  1235 | D:2      | 1235 ||| Stepping ~*~*~tactically~*~*~ (hiding).
  1237 | D:2      | 1237 ||| Stepping ~*~*~tactically~*~*~ (hiding).
  1238 | D:2      | 1238 ||| Stepping ~*~*~tactically~*~*~ (hiding).
  1242 | D:2      | 1242 ||| INVOKING Fiery Armour.
  1244 | D:2      | 1244 ||| Stepping ~*~*~tactically~*~*~ (stealth).
  1246 | D:2      | Reached XP level 4. HP: 44/44 MP: 1/4
  1250 | D:2      | Reached skill level 5 in Unarmed Combat
  1386 | D:2      | Found Futroxas's Magic Scroll Shoppe.
  1391 | D:2      | 1391 ||| BUYING scroll of identify (20 gold).
  1391 | D:2      | Bought a scroll of identify for 20 gold pieces
  1391 | D:2      | 1391 ||| BUYING scroll of identify (20 gold).
  1391 | D:2      | Bought a scroll of identify for 20 gold pieces
  1391 | D:2      | 1391 ||| BUYING scroll of identify (20 gold).
  1391 | D:2      | Bought a scroll of identify for 20 gold pieces
  1391 | D:2      | 1391 ||| BUYING scroll of identify (20 gold).
  1391 | D:2      | Bought a scroll of identify for 20 gold pieces
  1391 | D:2      | 1391 ||| SHOPLISTING scroll of identify (20 gold, have 2).
  1391 | D:2      | 1391 ||| SHOPLISTING scroll of teleportation (30 gold, have
                  | 2).
  1533 | D:2      | Found Ennaged's Weapon Shoppe.
  1973 | D:2      | 1973 ||| READING 5 scrolls of identify.
  1973 | D:2      | 1973 ||| IDENTIFYING brown potion
  1974 | D:2      | 1974 ||| READING 4 scrolls of identify.
  1974 | D:2      | 1974 ||| IDENTIFYING gluggy clear potion
  1975 | D:2      | 1975 ||| READING 3 scrolls of identify.
  1975 | D:2      | 1975 ||| IDENTIFYING blue potion
  1976 | D:2      | 1976 ||| READING 2 scrolls of identify.
  1976 | D:2      | 1976 ||| IDENTIFYING coppery potion
  1977 | D:2      | 1977 ||| DROPPING potion of invisibility.
  1978 | D:2      | 1978 ||| DROPPING potion of flight.
  1979 | D:2      | 1979 ||| DROPPING potion of berserk rage.
  2291 | D:3      | Found a runed translucent door.
  2292 | D:3      | Noticed Crazy Yiuf
  2347 | D:3      | 2347 ||| Stepping ~*~*~tactically~*~*~ (stealth).
  2350 | D:3      | 2350 ||| Stepping ~*~*~tactically~*~*~ (stealth).
  2358 | D:3      | Reached XP level 5. HP: 44/50 MP: 5/5
  2359 | D:3      | 2359 ||| FLEEEEING.
  2371 | D:3      | 2371 ||| Stepping ~*~*~tactically~*~*~ (stealth).
  2378 | D:3      | Reached skill level 6 in Unarmed Combat
  2574 | D:3      | 2574 ||| Stepping ~*~*~tactically~*~*~ (stealth).
  2580 | D:3      | 2580 ||| STAIRDANCE
  2588 | D:2      | 2588 ||| UPGRADING to ring of see invisible.
  2593 | D:3      | 2593 ||| STAIRDANCE
  2726 | D:3      | 2726 ||| Stepping ~*~*~tactically~*~*~ (stealth).
  2987 | D:3      | 2987 ||| READING scroll labelled IHIWKI UDOSCH.
  3056 | D:4      | 3056 ||| Stepping ~*~*~tactically~*~*~ (outnumbered).
  3057 | D:4      | 3057 ||| Stepping ~*~*~tactically~*~*~ (stealth).
  3061 | D:4      | 3061 ||| Stepping ~*~*~tactically~*~*~ (stealth).
  3177 | D:4      | Found a staircase to the Ecumenical Temple.
  3256 | D:4      | 3256 ||| INVOKING Fiery Armour.
  3310 | D:4      | Reached XP level 6. HP: 54/59 MP: 6/6
  3579 | D:4      | Reached skill level 7 in Unarmed Combat
  3662 | D:4      | 3662 ||| DROPPING amulet of magic regeneration.
  3663 | D:4      | 3663 ||| DROPPING ring of magical power.
  3664 | D:4      | 3664 ||| READING scroll labelled BUUTSE NEORRA.
  3665 | D:4      | 3665 ||| READING scroll labelled ULOISULEHU.
  3766 | D:4      | 3766 ||| READING 4 scrolls of identify.
  3766 | D:4      | 3766 ||| IDENTIFYING murky dark potion
  3767 | D:4      | 3767 ||| READING 3 scrolls of identify.
  3767 | D:4      | 3767 ||| IDENTIFYING puce potion
  3768 | D:4      | 3768 ||| READING 2 scrolls of identify.
  3768 | D:4      | 3768 ||| IDENTIFYING fuming sapphire potion
  3769 | D:4      | 3769 ||| DROPPING potion of brilliance.
  3811 | D:5      | Entered Level 5 of the Dungeon
  3908 | D:5      | 3908 ||| INVOKING Fiery Armour.
  3969 | D:5      | Reached skill level 8 in Unarmed Combat
  3969 | D:5      | Reached XP level 7. HP: 62/66 MP: 7/7
  4002 | D:5      | Found a hazy altar of Hepliaklqana.
  4052 | D:5      | Identified the +1 cloak "Jezy" {rF+ rN+}
  4057 | D:5      | 4057 ||| Stepping ~*~*~tactically~*~*~ (stealth).
  4059 | D:5      | 4059 ||| Stepping ~*~*~tactically~*~*~ (hiding).
  4065 | D:5      | 4065 ||| INVOKING Fiery Armour.
  4069 | D:5      | 4069 ||| Stepping ~*~*~tactically~*~*~ (hiding).
  4077 | D:5      | Reached skill level 3 in Fighting
  4100 | D:5      | Found a glowing golden altar of the Shining One.
  4461 | D:5      | 4461 ||| DRINKING potion of curing.
  4461 | D:5      | 4461 ||| (to cure confusion)
  4564 | D:5      | 4564 ||| Stepping ~*~*~tactically~*~*~ (stealth).
  4569 | D:5      | 4569 ||| Stepping ~*~*~tactically~*~*~ (outnumbered).
  4574 | D:5      | 4574 ||| Stepping ~*~*~tactically~*~*~ (outnumbered).
  4575 | D:5      | 4575 ||| Stepping ~*~*~tactically~*~*~ (outnumbered).
  4576 | D:5      | 4576 ||| Stepping ~*~*~tactically~*~*~ (outnumbered).
  4631 | D:5      | 4631 ||| UPGRADING to +0 cloak.
  4636 | D:5      | 4636 ||| UPGRADING to +1 cloak "Jezy" {rF+ rN+}.
  4646 | D:5      | 4646 ||| DROPPING +0 cloak.
  4647 | D:5      | 4647 ||| READING scroll labelled YFFYGU PUSUNN.
  4650 | D:5      | 4650 ||| DRINKING 2 ruby potions.
  4651 | D:5      | 4651 ||| DROPPING potion of attraction.
  4713 | D:6      | Reached skill level 1 in Throwing
  4790 | D:6      | Found an ancient bone altar of Kikubaaqudgha.
  4808 | D:6      | 4808 ||| FLEEEEING.
  4810 | D:6      | 4810 ||| STAIRDANCE
  4823 | D:6      | 4823 ||| STAIRDANCE
  4888 | D:6      | Reached skill level 3 in Throwing
  4953 | D:6      | 4953 ||| Stepping ~*~*~tactically~*~*~ (outnumbered).
  4960 | D:6      | Reached XP level 8. HP: 74/75 MP: 8/8
  5073 | D:6      | 5073 ||| Stepping ~*~*~tactically~*~*~ (hiding).
  5343 | D:6      | 5343 ||| READING 3 scrolls of identify.
  5343 | D:6      | 5343 ||| IDENTIFYING fizzy red potion
  5344 | D:6      | 5344 ||| DROPPING potion of magic.
  5369 | D:7      | Reached skill level 9 in Unarmed Combat
  5458 | D:7      | 5458 ||| Stepping ~*~*~tactically~*~*~ (stealth).
  5464 | D:7      | 5464 ||| INVOKING Fiery Armour.
  5466 | D:7      | HP: 13/75 [vampire mosquito (8)]
  5467 | D:7      | 5467 ||| READING scroll of teleportation.
  5467 | D:7      | HP: 5/75 [vampire mosquito (9)]
  5468 | D:7      | Slain by a vampire mosquito

Levels and vault maps discovered:
D:1:      amcnicky_arrival_abandoned_market, layout_basic,
          ebering_ecumenical_altar_box, minivault_27
D:2:      layout_basic, serial_shops, shop, nicolae_shop_hallway_stairs, shop,
          minmay_worlds_worst_comb
D:3:      layout_loops_corners, hangedman_decor_push, uniq_crazy_yiuf_cottage
D:4:      layout_loops_ring, minmay_temple_entry_overgrown
D:5:      layout_cave_pods, mainiacjoe_overflow_tiny_flanked,
          nicolae_tso_swordbearing_angel, water_boxes_lemuel
D:6:      layout_gridville, nicolae_kikubaaqudgha_miasma_corner
D:7:      layout_loops_ring, nicolae_benzene_ring, uniq_menkaure, uniq_joseph

Skill      XL: |  1  2  3  4  5  6  7  8 |
---------------+-------------------------+-----
Unarmed Combat | 4 5 6 8 9 |  9.0
Fighting       | 3 |  3.0
Throwing       | 3 |  3.6
Spellcasting   | |  1.0
Fire Magic     | |  2.1

Action                   |  1- 3 |  4- 6 |  7- 9 || total
-------------------------+-------+-------+-------++-------
Melee: Unarmed           |   121 |   135 |    93 ||   349
       Punch             |     1 |     1 |     1 ||     3
Throw: Boomerang         |       |    27 |     3 ||    30
       Large rock        |       |       |    12 ||    12
Invok: Fiery Armour      |     1 |     2 |     2 ||     5
  Use: Scroll            |     4 |    10 |     3 ||    17
       Potion            |       |       |     2 ||     2
 Stab: Distracted        |       |     1 |       ||     1
Armor: Robe              |    26 |    33 |    37 ||    96
Dodge: Dodged            |    45 |    47 |    44 ||   136

Table legend:
 A = Non-vault XP
 B = Vault XP
 C = Vault XP percentage of total XP
 D = Non-vault monster count
 E = Vault monster count
 F = Vault count percentage of total count
                 A         B        C        D         E       F
            +---------+---------+-------+---------+---------+-------
      Total |    1646 |      10 |   0.6 |     123 |       5 |   3.9
            +---------+---------+-------+---------+---------+-------
        D:1 |      59 |       0 |   0.0 |      31 |       0 |   0.0
        D:2 |      93 |      10 |   9.7 |      23 |       5 |  17.9
        D:3 |      96 |       0 |   0.0 |      17 |       0 |   0.0
        D:4 |     186 |       0 |   0.0 |      14 |       0 |   0.0
        D:5 |     588 |       0 |   0.0 |      23 |       0 |   0.0
        D:6 |     540 |       0 |   0.0 |      14 |       0 |   0.0
        D:7 |      84 |       0 |   0.0 |       1 |       0 |   0.0
            +---------+---------+-------+---------+---------+-------
